 Dungeon Crawl Stone Soup version 0.30-a0-779-g7971cf19c3 (webtiles) character file.

Game seed: 5292869484613263302

2678 Ceno the Trooper (level 9, -3/69 (75) HPs)
             Began as an Octopode Transmuter on Feb 17, 2023.
             Was an Initiate of Yredelemnul.
             Slain by a wight
             ... wielding a +1 halberd
              (10 damage)
             ... on level 7 of the Dungeon.
             The game lasted 00:28:44 (9011 turns).

Ceno the Trooper (Octopode Transmuter)              Turns: 9011, Time: 00:28:45

HP:   -3/69 (75)    AC:  7    Str:  9    XL:     9   Next: 64%
MP:   14/15         EV: 10    Int: 19    God:    Yredelemnul [......]
Gold: 306           SH:  0    Dex: 13    Spells: 6/16 levels left

rFire   x . .      SeeInvis .      - Unarmed
rCold   + + +      Faith    .    (shield currently unavailable)
rNeg    . . .      Spirit   .    (helmet currently unavailable)
rPois   +          Reflect  .    (no amulet)
rElec   .          Harm     .    k - ring of protection from cold
rCorr   .          Rampage  .    (no ring)
Will    .....                    (no ring)
Stlth   +                        (no ring)
HPRegen 0.31/turn                (no ring)
MPRegen 0.14/turn                (no ring)
                                 (no ring)
                                 (no ring)

@: ice-form, studying Stealth, drained
A: freezing attack, boosted hp, almost no armour, amphibious, 8 rings, large,
(camouflage 1), (gelatinous body 1), (nimble swimmer 1), (tentacles)
a: End Transformation, Renounce Religion, Recall Undead Harvest


You were on level 7 of the Dungeon.
You worshipped Yredelemnul.
Yredelemnul was noncommittal.
You were a creature of crystalline ice.
You visited 1 branch of the dungeon, and saw 8 of its levels.

You collected 306 gold pieces.

Inventory:

Missiles
 e - 47 stones (quivered)
 t - 2 curare-tipped darts
Jewellery
 k - a ring of protection from cold (left front paw)
Wands
 i - a wand of polymorph (5)
 s - a wand of iceblast (15)
Scrolls
 b - 3 scrolls of teleportation
 d - a scroll of blinking {unknown}
 f - 2 scrolls of enchant armour
 g - a scroll of immolation {unknown}
 j - a scroll of enchant weapon {unknown}
 n - a scroll of fog {unknown}
 o - a scroll of amnesia {unknown}
 p - a scroll of poison
 v - a scroll of vulnerability {unknown}
Potions
 a - 5 potions of lignification
 c - a potion of degeneration
 h - 3 potions of curing
 l - 3 potions of magic
 m - a potion of heal wounds
 q - a potion of flight {unknown}
 r - 2 potions of mutation
 u - 2 potions of ambrosia {unknown}
 w - a potion of resistance {unknown}
 x - a potion of haste {unknown}
 z - a potion of cancellation {unknown}
 A - a potion of might {unknown}


   Skills:
 + Level 6.8 Fighting
 + Level 2.0 Dodging
 + Level 6.3 Unarmed Combat
 - Level 4.0 Spellcasting
 - Level 5.0 Transmutations
 - Level 5.0 Ice Magic
 - Level 4.0 Poison Magic
 + Level 3.3 Invocations


You had 6 spell levels left.
You knew the following spells:

 Your Spells              Type           Power      Damage    Failure   Level
a - Beastly Appendage     Tmut           44%        N/A       1%          1
b - Wereblood             Tmut           22%        N/A       2%          2
c - Spider Form           Tmut/Pois      20%        N/A       6%          3
d - Ice Form              Ice/Tmut       22%        N/A       17%         4

Your spell library contained the following spells:

 Spells                   Type           Power      Damage    Failure   Level
 Ensorcelled Hibernation  Hex/Ice        26%        N/A       8%          2
 Anguish                  Hex/Necr       1%         N/A       80%         4
 Leda's Liquefaction      Hex/Erth       1%         N/A       80%         4
 Lee's Rapid Deconstruct  Erth           1%         3d4*      98%         5
 Statue Form              Tmut/Erth      8%         N/A       100%        6
 Enfeeble                 Hex            1%         N/A       100%        7


Dungeon Overview and Level Annotations

Branches:
Dungeon (8/15)             Temple (0/1) D:7
   Lair: D:8-11

Altars:
Elyvilon
Fedhas
Hepliaklqana
Qazlal
Xom
Yredelemnul
Zin
The Shining One

Shops:
D:6 =


Innate Abilities, Weirdness & Mutations

You are a creature of crystalline ice.
You have a powerful freezing melee attack.
Your maximum health is increased.
Your armour is entirely melded.
You are incapable of wielding weapons or throwing items.
You cannot wear most types of armour.
You are amphibious.
You can wear up to eight rings at the same time.
((Your skin changes colour to match your surroundings (Stealth+).))
((Your rubbery body absorbs attacks. (AC +1, EV +1)))
((You are camouflaged when in or above water. (Stealth+)))
((You have tentacles for arms and can constrict up to eight enemies at once.))


Message History

You feel sick. The wight barely misses you.
You hit the wight.
You destroy the wight!
You feel sick.
You feel sick.
You feel sick.
You feel sick.
The wight hits you from afar with a +1 halberd!
You feel drained.
You feel sick.
There is a stone staircase leading up here.
You are too injured to fight recklessly!
You are too injured to fight recklessly!
You are too injured to fight recklessly!
You barely miss the wight.
You feel sick. The wight hits you with a +1 halberd!
You feel drained.
* * * LOW HITPOINT WARNING * * *
You feel sick.
You are no longer poisoned.
The wight closely misses you.
You climb upwards.
There is a stone staircase leading down here.
You hit the wight.
The wight is lightly damaged.
The wight hits you with a +1 halberd.
* * * LOW HITPOINT WARNING * * *
You barely miss the wight.
The wight is lightly damaged.
You hit the wight but do no damage.
The wight is lightly damaged.
The wight hits you but does no damage.
You barely miss the wight.
The wight is lightly damaged.
The wight hits you with a +1 halberd!
* * * LOW HITPOINT WARNING * * *
You hit the wight but do no damage.
The wight is lightly damaged.
The wight hits you with a +1 halberd!
You die...
Your body rises from the dead as a mindless zombie.

#.#######.....(..##.......
##.#..............##.......
#######......###............##...
≈_#..................#+#.........
#.#..........#########....)..#...
Z.#......#+#.#####.#...###.......
#.#......#.......Z...#.# #.......
~_##.###.###.#####...#.###.......
####.# #.....# #Yz..<............
##...# ####### #############)####
ZZ.### ♣♣♣.♣ #### ♣♣♣♣ ♣♣...♣
♣>Z♣♣ ♣♣.K♣♣♣ ♣♣Z.♣♣♣♣ ♣.K♣♣
♣♣♣ZZZ♣♣♣♣ ♣♣K♣ ♣♣♣♣.).♣♣ ♣♣T♣♣
♣♣♣♣.♣♣♣♣.♣♣


You could see a wight.

Vanquished Creatures
  A water moccasin (D:6)
  An orc warrior (D:6)
  A sky beast (D:7)
  A black bear (D:4)
  2 ice beasts
  3 ogres
  A phantom (D:6)
  2 kobold brigands
  2 necrophages
  2 bullfrogs (D:7)
  2 scorpions (D:7)
  7 wights
  2 killer bees (D:7)
  2 howler monkeys
  A hound (D:5)
  3 jellies
  An orc priest (D:4)
  An iguana (D:5)
  3 orc wizards
  5 gnolls
  7 adders
  A shadow imp (D:5)
  3 white imps
  2 ufetubi
  2 dart slugs
  16 orcs
  4 endoplasms
  3 giant cockroaches
  6 goblins
  7 hobgoblins
  9 kobolds
  6 quokkas
  6 ball pythons
  7 bats
  2 frilled lizards
  11 rats
135 creatures vanquished.

Vanquished Creatures (collateral kills)
  An ogre (D:6)
  2 killer bees (D:7)
  A jelly (D:5)
  A hound (D:4)
  2 orcs
  A giant cockroach (D:4)
  A goblin (D:4)
  A hobgoblin (D:4)
10 creatures vanquished.

Vanquished Creatures (others)
  2 killer bee zombies (D:7)
  An ogre zombie (D:6)
  A hound zombie (D:5)
  A howler monkey zombie (D:6)
  2 adder zombies
  A jelly zombie (D:6)
  A spectral white imp (D:4)
  A kobold zombie (D:4)
  5 orc zombies
15 creatures vanquished.

Grand Total: 160 creatures vanquished

Notes
Turn   | Place    | Note
-------+----------+-------------------------------------------
     0 | D:1      | Ceno the Octopode Transmuter began the quest for the Orb.
     0 | D:1      | Reached XP level 1. HP: 13/13 MP: 3/3
   138 | D:1      | Reached XP level 2. HP: 18/18 MP: 3/5
   143 | D:1      | Learned a level 2 spell: Wereblood
   216 | D:1      | Reached skill level 1 in Poison Magic
  1214 | D:2      | Reached XP level 3. HP: 14/23 MP: 4/6
  1253 | D:2      | Learned a level 3 spell: Spider Form
  1650 | D:2      | Reached XP level 4. HP: 26/29 MP: 2/7
  3096 | D:3      | Reached XP level 5. HP: 35/35 MP: 7/9
  3193 | D:3      | Found a stormy altar of Qazlal.
  3252 | D:3      | Found a basalt altar of Yredelemnul.
  3253 | D:3      | Found a glowing silver altar of Zin.
  3255 | D:3      | Became a worshipper of Yredelemnul the Dark
  3882 | D:4      | Noticed an ogre
  3912 | D:4      | Reached XP level 6. HP: 10/41 MP: 6/10
  4079 | D:4      | Found a white marble altar of Elyvilon.
  4115 | D:4      | Reached * piety under Yredelemnul
  4205 | D:4      | Noticed a black bear
  4221 | D:4      | Killed a black bear
  4222 | D:4      | Reached XP level 7. HP: 34/46 MP: 8/12
  4226 | D:4      | Reached ** piety under Yredelemnul
  4345 | D:4      | Identified the +8 long sword of Fortitude {freeze, Str+6
                  | Int+3}
  4356 | D:4      | Reached *** piety under Yredelemnul
  4362 | D:4      | Learned a level 4 spell: Ice Form
  4432 | D:4      | Identified the +9 demon whip of Regicide {drain, Fly rCorr
                  | Int-2}
  4536 | D:5      | Entered Level 5 of the Dungeon
  5189 | D:5      | Reached skill level 1 in Ice Magic
  5256 | D:5      | Reached XP level 8. HP: 17/54 MP: 12/14
  6036 | D:6      | Reached skill level 5 in Transmutations
  6224 | D:6      | Reached skill level 5 in Fighting
  6599 | D:6      | Reached skill level 5 in Unarmed Combat
  6624 | D:6      | Found Syta's Jewellery Emporium.
  7428 | D:7      | Found a staircase to the Ecumenical Temple.
  7478 | D:7      | Reached XP level 9. HP: 32/62 MP: 15/15
  7599 | D:7      | Reached skill level 1 in Invocations
  8066 | D:7      | Noticed a troll
  8279 | D:7      | Reached skill level 5 in Ice Magic
  8307 | D:7      | HP: 2/61 [wight/+0 short sword of venom (9)]
  8679 | D:7      | Found a shimmering altar of Xom.
  8694 | D:7      | Found a blossoming altar of Fedhas.
  8694 | D:7      | Found a bloodstained altar of Trog.
  8731 | D:7      | Found a snail-covered altar of Cheibriados.
  8731 | D:7      | Found a blossoming altar of Fedhas.
  8731 | D:7      | Found a blossoming altar of Fedhas.
  8933 | D:7      | Found a glowing golden altar of the Shining One.
  8933 | D:7      | Found a hazy altar of Hepliaklqana.
  9011 | D:7      | Slain by a wight

Illustrated notes

Levels and vault maps discovered:
D:1:      minmay_arrival_four_circles, layout_loops_corners, minivault_5,
          dreamdust_princess_corridor, minmay_misc_feat_x,
          minmay_misc_feat_tower
D:2:      layout_basic, grunt_decor_fettered, minmay_surrounded
D:3:      layout_basic, grunt_qazlal_sundering, nicolae_overflow_squiral,
          serial_corexii_hall, corexii_hall_statues_x, corexii_hall_statues_i,
          grunt_ministairs_8
D:4:      layout_rooms, marbit_many_paths, grunt_tough_drop
D:5:      layout_loops_ring, minmay_misc_feat_hallway, minmay_manual_moon
D:6:      layout_cave_pods, nicolae_take_the_stairs
D:7:      kb_forest_paths, layout_basic, doesnt_xom_only_xom,
          gammafunk_temple_overflow_elements,
          minmay_temple_entry_enclosed_plants
D:8:      mumra_celtic_spiral_tile, layout_loops_cross,
          kennysheep_generic_room_13

Skill      XL: |  1  2  3  4  5  6  7  8  9 |
---------------+----------------------------+-----
Poison Magic   | 1 2 3 4 |  4.0
Fighting       | 2 3 4 6 |  6.8
Transmutations | 3 4 5 |  5.0
Spellcasting   | 3 4 |  4.0
Ice Magic      | 1 4 5 |  5.0
Unarmed Combat | 5 6 |  6.3
Invocations    | 3 |  3.3
Dodging        | |  2.0

Action                     |  1- 3 |  4- 6 |  7- 9 || total
---------------------------+-------+-------+-------++-------
  Melee: Unarmed           |    70 |   106 |   260 ||   436
         Constrict         |    16 |    30 |    20 ||    66
         Tentacles         |    10 |    14 |    25 ||    49
         Kick              |    15 |    38 |    47 ||   100
         Punch             |       |     4 |     7 ||    11
  Throw: Stone             |     4 |    14 |     9 ||    27
         Dart              |       |       |     1 ||     1
   Cast: Beastly Appendage |    20 |    25 |    16 ||    61
         Wereblood         |     1 |       |     6 ||     7
         Spider Form       |     4 |     8 |    12 ||    24
         Ice Form          |       |       |     6 ||     6
 Invoke: Dark Bargain      |       |       |     3 ||     3
Ability: End Transformatio |    14 |    19 |    26 ||    59
    Use: Scroll            |     1 |     5 |     3 ||     9
         Potion            |       |       |     2 ||     2
   Stab: Sleeping          |     4 |     1 |       ||     5
         Distracted        |       |       |     2 ||     2
 Armour: Skin              |     6 |     5 |    40 ||    51
  Dodge: Dodged            |    40 |    63 |   144 ||   247

Table legend: (Time is in decaauts)
 A = Elapsed time spent in this place.
 B = Non-inter-level travel time spent in this place.
 C = Inter-level travel time spent in this place.
 D = Time resting spent in this place.
 E = Time spent auto-exploring this place.
 F = Levels seen in this place.
 G = Mean time per level.
                   A        B        C        D        E       F      G
               +--------+--------+--------+--------+--------+-----+--------+
         Total |   8987 |   8705 |    282 |   2450 |   3751 |   8 | 1123.4 |
       Dungeon |   8987 |   8705 |    282 |   2450 |   3751 |   8 | 1123.4 |
               +--------+--------+--------+--------+--------+-----+--------+

Top non-repeatable levels by time:
     D:6: 1591 daAuts
     D:7: 1579 daAuts
     D:1: 1456 daAuts
     D:5: 1245 daAuts
     D:2: 1065 daAuts
     D:3: 1019 daAuts
     D:4: 991 daAuts
     D:8: 38 daAuts
